 Dungeon Crawl Stone Soup version 0.19.5 (webtiles) character file.

168854 Megalobster the Devastator (level 17, -10/101 HPs)
             Began as a Deep Elf Conjurer on Apr 11, 2017.
             Was the Champion of Vehumet.
             Mangled by a redback (14 damage)
             ... on level 4 of the Spider Nest on Apr 12, 2017.
             The game lasted 05:05:41 (37991 turns).

Megalobster the Devastator (Deep Elf Conjurer)     Turns: 37991, Time: 05:05:41

Health: -10/101    AC: 11    Str: 11      XL:     17   Next: 34%
Magic:  27/39      EV: 18    Int: 36 (37) God:    Vehumet [******]
Gold:   2071       SH:  7    Dex: 14 (15) Spells: 13 memorised, 1 level left

rFire  . . .     SeeInvis +     x - +2 flail "Atti" {freeze, rPois Int+3}
rCold  + . .     Gourm    .     u - +2 robe {MR+}
rNeg   . . .     Faith    .     G - +1 buckler {AC+3}
rPois  +         Spirit   .     P - +0 hat
rElec  .         Reflect  .     I - +0 cloak
rCorr  .         Harm     .     C - +0 pair of gloves
MR     ++...                    H - +1 pair of boots "Basaph" {rC+ Str+4 Int+4 Stlth+}
Stlth  +++++.....               Y - amulet of magic regeneration
                                S - ring of see invisible
                                p - ring of wizardry

@: sluggish, repel missiles, very slow
A: clever 1, strong 1
a: Renounce Religion


You were on level 4 of the Spider Nest.
You worshipped Vehumet.
Vehumet was exalted by your worship.
You were not hungry.

You visited 6 branches of the dungeon, and saw 28 of its levels.
You also visited: Sewer, Ossuary and Bailey.

You collected 2543 gold pieces.
You spent 472 gold pieces at shops.

Inventory:

Hand Weapons
 a - the +3 spear "Cut Ohot" {pierce, rElec rF- rC+++ Dex+2}
   (You found it on level 3 of the Spider Nest)

   It inflicts extra damage upon your enemies.
   It affects your dexterity (+2).
   It makes you vulnerable to fire.
   It renders you almost immune to cold.
   It insulates you from electricity.
 x - the +2 flail "Atti" (weapon) {freeze, rPois Int+3}
   (You found it on level 6 of the Lair of Beasts)

   It has been specially enchanted to freeze those struck by it, causing extra
   injury to most foes and up to half again as much damage against particularly
   susceptible opponents.
   It can also slow down cold-blooded creatures.
   It affects your intelligence (+3).
   It protects you from poison.
 T - the +4 flail "Olyrchag" {drain, *Rage MP+9 Int+2 Dex+3}
   (You took it off an orc on level 8 of the Dungeon)

   A truly terrible weapon, it drains the life of those it strikes.
   It affects your intelligence (+2).
   It affects your dexterity (+3).
   It affects your magic capacity (+9).
   It may make you go berserk in combat.
Armour
 f - a +2 robe of cold resistance
 u - a +2 robe of magic resistance (worn)
 C - a +0 pair of gloves (worn)
 G - a +1 buckler of protection (worn)
 H - the +1 pair of boots "Basaph" (worn) {rC+ Str+4 Int+4 Stlth+}
   (You acquired it on level 9 of the Dungeon)

   It affects your strength (+4).
   It affects your intelligence (+4).
   It protects you from cold.
   It makes you more stealthy.
 I - a +0 cloak (worn)
 P - a +0 hat (worn)
Magical Staves
 A - an uncursed staff of poison
Jewellery
 b - an uncursed ring of flight
 p - a ring of wizardry (left hand)
 w - an uncursed ring of magical power
 F - an uncursed ring of protection from magic
 R - an uncursed ring of fire
 S - a ring of see invisible (right hand)
 Y - an amulet of magic regeneration (around neck)
Wands
 y - a wand of slowing (30/48)
 N - a wand of flame (20/48)
 U - a wand of lightning (7/15)
Scrolls
 d - 2 scrolls of teleportation
 e - a scroll of fog
 i - 2 scrolls of recharging
 k - 18 scrolls of remove curse
 v - 3 scrolls of immolation
 z - a scroll of enchant weapon
 B - 2 scrolls of silence {unknown}
 O - a scroll of vulnerability {unknown}
Potions
 l - 5 potions of curing
 m - a potion of resistance
 n - 7 potions of agility
 o - a potion of cancellation
 q - 5 potions of haste
 r - 6 potions of lignification
 L - 4 potions of brilliance
 X - a potion of magic
Books
 E - a book of Debilitation

   Spells                             Type                      Level
   a - Corona                         Hexes                        1
   b - Slow                           Hexes                        2
   c - Gell's Gravitas                Hexes/Translocation          3
   d - Inner Flame                    Hexes/Fire                   3
   e - Cause Fear                     Hexes                        4
   f - Leda's Liquefaction            Hexes/Earth                  4
 J - a book of Conjurations

   Spells                             Type                      Level
   a - Magic Dart                     Conjuration                  1
   b - Searing Ray                    Conjuration                  2
   c - Dazzling Spray                 Conjuration/Hexes            3
   d - Fulminant Prism                Conjuration/Hexes            4
   e - Iskenderun's Mystic Blast      Conjuration                  4
   f - Iskenderun's Battlesphere      Conjuration/Charms           5
 K - a book of Air

   Spells                             Type                      Level
   a - Shock                          Conjuration/Air              1
   b - Swiftness                      Charms/Air                   2
   c - Repel Missiles                 Charms/Air                   2
   d - Static Discharge               Conjuration/Air              3
   e - Lightning Bolt                 Conjuration/Air              5
Miscellaneous
 g - a crystal ball of energy
 h - 2 sacks of spiders
Comestibles
 c - a bread ration
 j - 4 fruits
 s - 2 meat rations
 t - a chunk of flesh
 W - a slice of pizza


   Skills:
 + Level 9.9 Fighting
 + Level 9.7 Dodging
 - Level 10.4 Stealth
 - Level 6.7 Shields
 + Level 16.3 Spellcasting
 + Level 16.4 Conjurations
 - Level 10.2 Charms
 * Level 15.1 Fire Magic
 - Level 8.7 Air Magic


You had one spell level left.
You knew the following spells:

 Your Spells              Type           Power        Failure   Level  Hunger
a - Magic Dart            Conj           ####         0%          1    None
b - Searing Ray           Conj           ######       0%          2    None
c - Iskenderun's Battles  Conj/Chrm      #######.     1%          5    None
d - Iskenderun's Mystic   Conj           #######.     0%          4    None
e - Dazzling Spray        Conj/Hex       ######       1%          3    None
f - Repel Missiles        Chrm/Air       ######       1%          2    None
g - Inner Flame           Hex/Fire       ######..     1%          3    None
h - Fulminant Prism       Conj/Hex       ######....   1%          4    None
i - Lightning Bolt        Conj/Air       #######...   1%          5    None
j - Swiftness             Chrm/Air       #######.     1%          2    None
k - Fireball              Conj/Fire      #######...   1%          5    None
l - Shroud of Golubria    Chrm/Tloc      ######....   1%          2    None
m - Fire Storm            Conj/Fire      #######...   32%         9    ######.


Dungeon Overview and Level Annotations

Branches:
Dungeon (14/15)            Temple (1/1) D:4            Lair (6/6) D:9
 Shoals (0/4) Lair:4       Spider (4/4) Lair:2        Slime (0/5) Lair:6
    Orc (2/2) D:12            Elf (1/3) Orc:2        Vaults (0/5) D:13

Altars:
Cheibriados
Dithmenos
Elyvilon
Fedhas
Gozag
Kikubaaqudgha
Makhleb
Okawaru
Ru
Sif Muna
Trog
Vehumet
Xom
Yredelemnul
Zin
Beogh
Jiyva

Shops:
D:8 =   D:10 ((   D:13 *   D:14 *   Orc:2 ((}}   Elf:1 (

Annotations:
Lair:3 Kirke


Innate Abilities, Weirdness & Mutations

Your mind is acute. (Int +2)
Your muscles are strong. (Str +2)


Message History

* * * LOW HITPOINT WARNING * * *
The wolf spider bites you but does no damage.
As you read the scroll of fear, it crumbles to dust.
You assume a fearsome visage.
The redback resists with some effort.
The redback looks frightened!
The spark wasp looks frightened!
The wolf spider looks frightened!
The redback bites you!
* * * LOW HITPOINT WARNING * * *
The redback bites you.
* * * LOW HITPOINT WARNING * * *
The redback closely misses you.
Cornered, the redback turns to fight!
You feel much better. The redback bites you!
* * * LOW HITPOINT WARNING * * *
You block the redback's attack. The redback barely misses you.
The redback bites you!
* * * LOW HITPOINT WARNING * * *
The redback misses you. The redback completely misses you.
There is a stone staircase leading up here.
The redback bites you!
You die...

### ###...######....... ###
###.###...^..#...#.......
#.###....#....####...........
#..#.....#....# #...........
#..^.....#...## ###.#.##....
#............#####.#####.....
#^.....^......#....####.s....
##..................^##......
##^.........@s.....(.........
#.^.....^....s...............
#............................
#............................
#.....^..............s.......
#......^^.^..................
#...........^................
#............................
#............................


You could see 2 redbacks.

Vanquished Creatures
  Arachne (Spider:4)
  Rupert (D:13)
  Asterion (Spider:2)
  A tengu reaver (D:12)
  6 ghost moths
  9 emperor scorpions
  2 orc warlords
  A deep elf elementalist (Elf:1)
  A stone giant (D:12)
  5 entropy weavers
  5 dire elephants (Lair:6)
  A deep elf death mage (Elf:1)
  The ghost of tricornhat the Basher, a journeyman DsBe of Trog (D:11)
  An ice dragon (D:14)
  A vault guard (D:13)
  7 hydras
  Harold (Lair:1)
  2 centaur warriors (D:14)
  A death knight (D:11)
  Erica (D:8)
  An anaconda (Lair:6)
  3 dancing weapons (Elf:1)
  A tengu warrior (D:14)
  A queen ant (Spider:1)
  4 orc high priests (Orc:2)
  Urug (Lair:4)
  2 deep elf knights (Elf:1)
  A fire crab (Lair:6)
  2 unseen horrors
  Pikel (D:7)
  3 deep elf archers
  7 orc knights
  6 hill giants
  30 orb spiders
  4 oklob plants
  2 ugly things (D:11)
  A manticore (D:14)
  4 orc sorcerers (Orc:2)
  3 deep elf magi
  3 moths of wrath
  27 wolf spiders
  A cyclops (D:14)
  23 elephants
  2 centaur zombies (D:14)
  2 torpor snails (Spider:3)
  A black mamba (Lair:4)
  12 komodo dragons
  A gargoyle (D:14)
  8 spiny frogs
  2 kobold demonologists (D:12)
  11 demonic crawlers
  3 rime drakes
  The ghost of Xiguana the Skirmisher, an amateur DrCK of Xom (D:6)
  27 jumping spiders
  5 trolls
  A polar bear (Lair:6)
  10 hornets
  2 two-headed ogres
  A hippogriff (shapeshifter) (D:12)
  6 hippogriffs
  87 redbacks
  2 shadows (D:14)
  32 tarantellas
  An air elemental (Elf:1)
  5 wyverns
  25 yaks
  A tarantella (shapeshifter) (D:14)
  A water elemental (Elf:1)
  4 hogs (Lair:4)
  The ghost of Xiguana the Skirmisher, an amateur DrCK of Xom (D:4)
  5 basilisks
  3 hungry ghosts
  A vampire mosquito (D:13)
  A mottled dragon (D:13)
  3 wargs (Orc:2)
  16 water moccasins
  21 soldier ants
  A hornet zombie (D:8)
  5 porcupines
  3 ice beasts
  6 sky beasts
  A slave (D:7)
  A necrophage (D:10)
  An eye of draining (D:14)
  26 orc warriors
  2 phantoms
  11 wolves
  17 ogres
  16 centaurs
  The ghost of snowfan the Sneak, an amateur OpAs of Ashenzari (D:3)
  8 crocodiles
  14 bullfrogs
  A wyvern zombie (D:14)
  A water moccasin zombie (D:7)
  7 scorpions
  7 killer bees
  An electric eel (D:9)
  6 howler monkeys
  6 crimson imps
  2 human zombies (Ossuary)
  A quasit (D:5)
  4 hounds
  A bullfrog zombie (D:6)
  A centaur skeleton (D:12)
  26 orc priests
  A bullfrog skeleton (D:9)
  3 jellies
  30 orc wizards
  5 iguanas
  23 worker ants
  2 big kobold zombies (Ossuary)
  2 mummies (Ossuary)
  2 hound skeletons
  A howler monkey zombie (D:10)
  A worker ant zombie (D:7)
  7 gnolls
  A howler monkey skeleton (D:4)
  8 adders
  3 shadow imps
  8 oozes
  4 adder zombies
  An adder skeleton (D:9)
  A worm (D:2)
  3 dart slugs
  12 leopard geckos
  102 orcs
  7 bats
  11 giant cockroaches
  8 goblins
  13 hobgoblins
  12 jackals
  2 quokkas
  16 ball pythons
  12 frilled lizards
  A goblin zombie (Ossuary)
  10 hobgoblin zombies (Ossuary)
  2 jackal zombies (Ossuary)
  25 kobolds
  9 kobold zombies (Ossuary)
  A leopard gecko skeleton (D:5)
  A leopard gecko zombie (D:6)
  7 orc zombies (Ossuary)
  2 quokka skeletons
  A quokka zombie (D:6)
  8 rats
  A rat zombie (Ossuary)
  A bush (Lair:2)
  A fungus (D:6)
  10 plants
1042 creatures vanquished.

Vanquished Creatures (others)
  A demonic crawler (Spider:2)
  2 orc priests (D:7)
  A bush (Lair:6)
  53 fulminant prisms
  9 fungi
  7 plants
73 creatures vanquished.

Grand Total: 1115 creatures vanquished

Notes
Turn   | Place    | Note
-------+----------+-------------------------------------------
     0 | D:1      | Megalobster the Deep Elf Conjurer began the quest for the Orb.
     0 | D:1      | Reached XP level 1. HP: 10/10 MP: 6/6
   298 | D:1      | Reached XP level 2. HP: 15/15 MP: 6/8
   410 | D:1      | Learned a level 2 spell: Searing Ray
  1021 | D:1      | Reached skill level 5 in Conjurations
  1057 | D:1      | Reached XP level 3. HP: 19/19 MP: 5/9
  1895 | D:2      | Reached XP level 4. HP: 24/24 MP: 6/11
  2224 | D:2      | Found a shadowy altar of Dithmenos.
  2284 | D:2      | Found a burning altar of Makhleb.
  2289 | D:2      | Found an ancient bone altar of Kikubaaqudgha.
  2894 | D:3      | Noticed snowfan's ghost (amateur OpAs)
  2901 | D:3      | Killed snowfan's ghost
  2901 | D:3      | Reached XP level 5. HP: 28/28 MP: 13/13
  2908 | D:3      | Learned a level 5 spell: Iskenderun's Battlesphere
  2913 | D:3      | Learned a level 4 spell: Iskenderun's Mystic Blast
  3008 | D:3      | Noticed a sky beast
  3016 | D:3      | Killed a sky beast
  3016 | D:3      | Reached XP level 6. HP: 20/32 MP: 14/15
  3023 | D:3      | Gained mutation: You are robust. (+10% HP) [mutagenic meat]
  3160 | D:3      | Reached skill level 5 in Spellcasting
  3190 | D:3      | Learned a level 3 spell: Dazzling Spray
  3279 | D:3      | Found a deep blue altar of Sif Muna.
  3642 | D:4      | Found a staircase to the Ecumenical Temple.
  3650 | Temple   | Entered the Ecumenical Temple
  3672 | Temple   | Became a worshipper of Vehumet
  3709 | D:4      | Reached skill level 1 in Charms
  3914 | D:4      | Found a blossoming altar of Fedhas.
  4046 | D:4      | Found a sacrificial altar of Ru.
  4047 | D:4      | Found an opulent altar of Gozag.
  4134 | D:4      | Noticed Xiguana's ghost (amateur DrCK)
  4146 | D:4      | Killed Xiguana's ghost
  4146 | D:4      | Reached XP level 7. HP: 34/39 MP: 7/17
  4724 | D:4      | Found a white marble altar of Elyvilon.
  4849 | D:5      | Entered Level 5 of the Dungeon
  4893 | D:5      | Reached skill level 5 in Charms
  4908 | D:5      | Reached * piety under Vehumet
  4908 | D:5      | Offered knowledge of Sting by Vehumet.
  4910 | D:4      | Found a bloodstained altar of Trog.
  5395 | D:5      | Reached XP level 8. HP: 37/45 MP: 15/19
  5535 | D:5      | Learned a level 2 spell: Repel Missiles
  5958 | D:6      | Noticed Xiguana's ghost (amateur DrCK)
  5963 | D:6      | Killed Xiguana's ghost
  6266 | D:6      | Offered knowledge of Throw Frost by Vehumet.
  6280 | D:6      | Reached ** piety under Vehumet
  6358 | D:6      | Found a glowing drain.
  6367 | Sewer    | Entered a sewer
  6598 | Sewer    | Offered knowledge of Inner Flame by Vehumet.
  6605 | Sewer    | Learned a level 3 spell: Inner Flame
  6639 | Sewer    | Reached *** piety under Vehumet
  6766 | Sewer    | Reached skill level 1 in Fire Magic
  6830 | D:6      | Offered knowledge of Mephitic Cloud by Vehumet.
  6854 | D:6      | Reached XP level 9. HP: 49/49 MP: 23/23
  7688 | D:7      | Noticed Pikel
  7699 | D:7      | Killed Pikel
  7699 | D:7      | Reached skill level 10 in Charms
  8290 | D:7      | Reached skill level 5 in Fire Magic
  8549 | D:8      | Reached skill level 1 in Fighting
  8754 | D:8      | Learned a level 4 spell: Fulminant Prism
  8757 | D:8      | Reached **** piety under Vehumet
  8774 | D:8      | Found Zokat's Jewellery Boutique.
  8785 | D:8      | Bought an uncursed ring of see invisible for 210 gold pieces
  8862 | D:8      | Got a warped flail {drain}
  8867 | D:8      | Identified the +4 flail "Olyrchag" {drain, *Rage MP+9 Int+2 Dex+3} (You took it off an orc on level 8 of the Dungeon)
  8926 | D:8      | Offered knowledge of Sticky Flame by Vehumet.
  9059 | D:8      | Reached XP level 10. HP: 46/57 MP: 25/25
  9115 | D:8      | Noticed Erica
  9120 | D:8      | Killed Erica
  9136 | D:8      | Found a sand-covered staircase.
  9144 | Ossuary  | Entered an ossuary
  9486 | Ossuary  | Reached ***** piety under Vehumet
  9575 | D:8      | Offered knowledge of Force Lance by Vehumet.
  9783 | D:9      | Found a snail-covered altar of Cheibriados.
 10085 | D:9      | Reached skill level 10 in Conjurations
 10094 | D:9      | Reached skill level 10 in Spellcasting
 10358 | D:9      | Found a bloodstained altar of Trog.
 10510 | D:9      | Found a staircase to the Lair.
 10690 | D:9      | Learned a level 5 spell: Lightning Bolt
 10691 | Lair:1   | Entered Level 1 of the Lair of Beasts
 10891 | Lair:1   | Noticed Harold
 10894 | Lair:1   | Noticed a spiny frog
 10896 | Lair:1   | Killed Harold
 10896 | Lair:1   | Reached skill level 1 in Air Magic
 10898 | Lair:1   | Killed a spiny frog
 10898 | Lair:1   | Reached XP level 11. HP: 66/66 MP: 16/27
 11737 | Lair:2   | Noticed an oklob plant
 11742 | Lair:2   | Killed an oklob plant
 11756 | Lair:2   | Noticed an oklob plant
 11954 | Lair:2   | Killed an oklob plant
 11955 | Lair:2   | Noticed an oklob plant
 11963 | Lair:2   | Killed an oklob plant
 11983 | Lair:2   | Noticed a five-headed hydra
 11987 | Lair:2   | Killed a five-headed hydra
 12542 | Lair:2   | Found a hole to the Spider Nest.
 12542 | Lair:2   | Noticed an orb spider
 12558 | Lair:2   | Killed an orb spider
 12558 | Lair:2   | Reached skill level 10 in Fire Magic
 13501 | Lair:3   | Offered knowledge of Venom Bolt by Vehumet.
 13645 | Lair:3   | Learned a level 2 spell: Swiftness
 13760 | Lair:3   | Reached skill level 5 in Fighting
 13760 | Lair:3   | Reached XP level 12. HP: 74/74 MP: 13/29
 14280 | Lair:3   | Noticed a four-headed hydra
 14284 | Lair:3   | Killed a four-headed hydra
 14649 | Lair:4   | Noticed Kirke
 14880 | Lair:4   | Found a labyrinth entrance.
 14963 | Lair:4   | Reached skill level 5 in Air Magic
 14980 | Lair:4   | Noticed Urug
 14993 | Lair:4   | Killed Urug
 15209 | Lair:4   | Reached skill level 5 in Stealth
 15457 | Lair:4   | Lost mutation: You are robust. (+10% HP) [potion of cure mutation]
 15863 | Lair:4   | Found a staircase to the Shoals.
 16912 | Lair:6   | Entered Level 6 of the Lair of Beasts
 16921 | Lair:5   | Reached XP level 13. HP: 56/74 MP: 31/31
 17677 | Lair:6   | Found a viscous altar of Jiyva.
 17677 | Lair:6   | Found a staircase to the Slime Pits.
 17976 | Lair:6   | Got an iridescent flail
 17982 | Lair:6   | Identified the cursed +2 flail "Atti" {freeze, rPois Int+3} (You found it on level 6 of the Lair of Beasts)
 18449 | Lair:6   | Got a scorched shortbow
 18653 | Lair:6   | Noticed a dire elephant
 18659 | Lair:6   | Killed a dire elephant
 18723 | Lair:6   | Noticed a dire elephant
 18902 | Lair:6   | Killed a dire elephant
 19377 | Lair:6   | Offered knowledge of Fireball by Vehumet.
 19389 | Lair:6   | Learned a level 5 spell: Fireball
 19441 | Lair:6   | Identified the +7 shortbow of Red Wine {venom, +Inv rF+ Str+4 Stlth-} (You found it on level 6 of the Lair of Beasts)
 19509 | Lair:6   | Noticed a dire elephant
 19509 | Lair:6   | Noticed a dire elephant
 19537 | Lair:6   | Killed a dire elephant
 19540 | Lair:6   | Killed a dire elephant
 20102 | Lair:6   | Noticed a dire elephant
 20135 | Lair:6   | Killed a dire elephant
 20581 | D:10     | Entered Level 10 of the Dungeon
 20666 | D:10     | Found an iron altar of Okawaru.
 20849 | D:10     | Found Jaomn's Antique Weapon Boutique.
 21109 | D:10     | Found Ufri's Weapon Shop.
 22171 | D:11     | Reached XP level 14. HP: 78/82 MP: 33/33
 22411 | D:11     | Gained mutation: You are weak. (Str -2) [mutagenic meat]
 22412 | D:11     | Gained mutation: Scrolls take you a little longer to read. [mutagenic meat]
 22414 | D:11     | Gained mutation: Your skin changes colour to match your surroundings (Stealth+). [mutagenic meat]
 22941 | D:11     | Noticed tricornhat's ghost (journeyman DsBe)
 22947 | D:11     | Killed tricornhat's ghost
 23181 | D:11     | Gained mutation: Your magical capacity is low. (-10% MP) [mutagenic meat]
 23182 | D:11     | Gained mutation: You expend magic power (3 MP) to strengthen your wands. [mutagenic meat]
 23182 | D:11     | Lost mutation: Your skin changes colour to match your surroundings (Stealth+). [potion of cure mutation]
 23182 | D:11     | Lost mutation: Scrolls take you a little longer to read. [potion of cure mutation]
 23182 | D:11     | Lost mutation: Your magical capacity is low. (-10% MP) [potion of cure mutation]
 23182 | D:11     | Lost mutation: You are weak. (Str -2) [potion of cure mutation]
 23292 | D:12     | Learned a level 2 spell: Shroud of Golubria
 23397 | D:12     | Offered knowledge of Lee's Rapid Deconstruction by Vehumet.
 23496 | D:12     | Found a staircase to the Orcish Mines.
 23622 | D:12     | Noticed a tengu reaver
 23622 | D:12     | Noticed a stone giant
 23630 | D:12     | Killed a stone giant
 23644 | D:12     | Killed a tengu reaver
 24465 | Orc:1    | Entered Level 1 of the Orcish Mines
 24700 | Orc:1    | Found a roughly hewn altar of Beogh.
 24850 | Orc:2    | Entered Level 2 of the Orcish Mines
 25211 | Orc:2    | Offered knowledge of Freezing Cloud by Vehumet.
 25831 | Orc:2    | Found Wipp's Gadget Boutique.
 25831 | Orc:2    | Found Opaulu's Antique Weapon Shoppe.
 25833 | Orc:2    | Found Bippaen's Antique Weapon Shoppe.
 25833 | Orc:2    | Found Ozaivios's Gadget Boutique.
 26187 | Orc:2    | Found a staircase to the Elven Halls.
 26404 | Orc:2    | Noticed an orc warlord
 26412 | Orc:2    | Killed an orc warlord
 26912 | D:13     | Found Caenes's Assorted Antiques.
 26923 | D:13     | Bought a tiny ruby amulet for 95 gold pieces
 26923 | D:13     | Bought a scroll of remove curse for 57 gold pieces
 26942 | D:13     | Found an ancient bone altar of Kikubaaqudgha.
 26957 | D:13     | Noticed Rupert
 26962 | D:13     | Killed Rupert
 26962 | D:13     | Reached skill level 10 in Stealth
 27455 | D:13     | Found a gate to the Vaults.
 27600 | D:14     | Gained mutation: Your body sometimes deteriorates upon taking damage. [mutagenic meat]
 27601 | D:14     | Gained mutation: Scrolls take you a little longer to read. [mutagenic meat]
 27601 | D:14     | Lost mutation: Your body sometimes deteriorates upon taking damage. [potion of cure mutation]
 27601 | D:14     | Lost mutation: You expend magic power (3 MP) to strengthen your wands. [potion of cure mutation]
 27601 | D:14     | Lost mutation: Scrolls take you a little longer to read. [potion of cure mutation]
 27610 | D:14     | Found Laestreurgh's General Store.
 27622 | D:14     | Bought a meat ration for 65 gold pieces
 27622 | D:14     | Bought a scroll of amnesia for 45 gold pieces
 27696 | D:14     | Reached XP level 15. HP: 88/88 MP: 15/35
 27696 | D:14     | Reached skill level 5 in Dodging
 27768 | D:14     | Found a flagged portal.
 27915 | Bailey   | Entered a bailey
 28103 | Bailey   | Noticed an orc warlord
 28147 | Bailey   | Offered knowledge of Bolt of Fire by Vehumet.
 28196 | Bailey   | Found a runed gate.
 28196 | Bailey   | Found a runed gate.
 28196 | Bailey   | Found a runed gate.
 28296 | Bailey   | Killed an orc warlord
 28307 | Bailey   | Got a coiled turquoise ring
 28312 | Bailey   | Identified the ring of Xodean {MR+ Stlth-} (You took it off an orc warlord in a bailey)
 28317 | Bailey   | Identified a scroll of acquirement
 28336 | Bailey   | Got a smoking glaive {holy}
 28343 | Bailey   | Identified the +8 glaive of Wytwit {holy, MP+9 Dex+4} (You took it off an orc warlord in a bailey)
 28622 | D:14     | Reached skill level 1 in Shields
 28826 | D:14     | Gained mutation: Your muscles are strong. (Str +2) [potion of beneficial mutation]
 28827 | D:14     | Gained mutation: Your mind is acute. (Int +2) [potion of beneficial mutation]
 29203 | D:9      | Got a pair of fine boots
 29209 | D:9      | Identified the +1 pair of boots "Basaph" {rC+ Str+4 Int+4 Stlth+} (You acquired it on level 9 of the Dungeon)
 29337 | Elf:1    | Entered Level 1 of the Elven Halls
 29909 | Elf:1    | Found Xuits's Weapon Emporium.
 30325 | Spider:1 | Entered Level 1 of the Spider Nest
 30369 | Spider:1 | Got a scorched glaive
 30594 | Spider:1 | Noticed a ghost moth
 30598 | Spider:1 | Killed a ghost moth
 31564 | Spider:1 | Reached skill level 15 in Spellcasting
 31656 | Spider:1 | Offered knowledge of Spellforged Servitor by Vehumet.
 31790 | Spider:2 | Noticed Asterion
 32408 | Spider:2 | Reached XP level 16. HP: 95/95 MP: 36/37
 32613 | Spider:2 | Killed Asterion
 32801 | Spider:2 | Reached skill level 5 in Shields
 34111 | Spider:2 | Reached skill level 15 in Conjurations
 34660 | Spider:3 | Identified the +10 glaive of Dubettex {freeze, Int+2} (You found it on level 1 of the Spider Nest)
 34690 | Spider:3 | Got a steaming spear
 34691 | Spider:3 | Identified the +3 spear "Cut Ohot" {pierce, rElec rF- rC+++ Dex+2} (You found it on level 3 of the Spider Nest)
 34724 | Spider:3 | Reached ****** piety under Vehumet
 35478 | Spider:4 | Entered Level 4 of the Spider Nest
 36418 | Spider:4 | Offered knowledge of Lehudib's Crystal Spear by Vehumet.
 36418 | Spider:4 | Offered knowledge of Fire Storm by Vehumet.
 36418 | Spider:4 | Offered knowledge of Glaciate by Vehumet.
 37132 | Spider:4 | Learned a level 9 spell: Fire Storm
 37183 | Spider:4 | Noticed Arachne
 37195 | Spider:4 | Reached XP level 17. HP: 100/100 MP: 11/39
 37215 | Spider:4 | Killed Arachne
 37747 | Spider:4 | Reached skill level 15 in Fire Magic
 37990 | Spider:4 | HP: 4/101 [redback (10)]
 37991 | Spider:4 | Mangled by a redback

Skill      XL: |  1  2  3  4  5  6  7  8  9 10 11 12 13 14 15 16 17 |
---------------+----------------------------------------------------+-----
Stealth        | 3 4 6 8 10 | 10.4
Conjurations   | 5 6 7 8 9 10 11 12 13 14 16 | 16.4
Spellcasting   | 4 5 6 8 9 10 11 12 13 14 15 16 | 16.3
Charms         | 3 6 9 10 | 10.2
Fire Magic     | 2 6 8 10 12 13 14 15 | 15.1
Fighting       | 1 3 5 6 7 8 9 |  9.9
Air Magic      | 1 4 5 7 8 |  8.7
Dodging        | 4 7 9 |  9.7
Shields        | 4 6 |  6.7

Action                   |  1- 3 |  4- 6 |  7- 9 | 10-12 | 13-15 | 16-18 || total
-------------------------+-------+-------+-------+-------+-------+-------++-------
Melee: Dagger            |     1 |       |    15 |       |       |       ||    16
       Flail             |       |       |       |     2 |    12 |     1 ||    15
       Unarmed           |       |       |       |     1 |       |       ||     1
 Cast: Magic Dart        |    79 |    82 |   150 |   213 |   196 |    71 ||   791
       Searing Ray       |       |     9 |    23 |     8 |    13 |       ||    53
       Iskenderun's Myst |       |     3 |    36 |    69 |   251 |   151 ||   510
       Dazzling Spray    |       |       |     3 |     5 |    10 |       ||    18
       Iskenderun's Batt |       |       |    28 |    87 |   157 |    64 ||   336
       Repel Missiles    |       |       |     2 |     3 |     1 |       ||     6
       Fulminant Prism   |       |       |     1 |    26 |    24 |     2 ||    53
       Lightning Bolt    |       |       |       |    47 |   109 |    31 ||   187
       Inner Flame       |       |       |       |     6 |    16 |     5 ||    27
       Swiftness         |       |       |       |     1 |     5 |     2 ||     8
       Fireball          |       |       |       |       |    72 |    58 ||   130
       Shroud of Golubri |       |       |       |       |     9 |     3 ||    12
 Abil: Evoke Flight      |       |       |       |       |       |     2 ||     2
Evoke: Wand              |       |       |       |       |     2 |       ||     2
  Use: Scroll            |     1 |     1 |     6 |    12 |    25 |     5 ||    50
       Potion            |       |       |       |     3 |     5 |     9 ||    17
  Eat: Chunk             |     3 |     4 |    19 |    15 |    22 |     4 ||    67
       Beef jerky        |       |     1 |     1 |     6 |     3 |     1 ||    12
       Royal jelly       |       |     1 |       |       |     1 |       ||     2
       Pizza             |       |       |     1 |       |       |       ||     1
       Meat ration       |       |       |     1 |       |       |       ||     1
       Bread ration      |       |       |       |     3 |     7 |     2 ||    12
       Fruit             |       |       |       |       |     3 |       ||     3
Armor: Robe              |     2 |     1 |     5 |    15 |    32 |    36 ||    91
Dodge: Dodged            |    11 |     6 |    32 |    51 |   103 |   107 ||   310
       Deflected         |       |       |     2 |    10 |    13 |       ||    25
Block: Buckler           |       |       |       |       |    28 |    34 ||    62
